AoeStats
← KootH.

Fortress

507318018Analyzed
4v4 RM · 16d ago on Sep 17, 2026· 36m 12s· 8 players
Game mode
Random Map
Map size
Huge
Population
200
Speed
Normal
Resources
Standard
Victory
Conquest
Starting age
Dark Age
Ending age
Imperial Age
RankedLock teamsTeams togetherTeam positionsShared explorationLock speedFull tech treeHidden civsTurbo modeCheats
Victory
Defeat
🇩🇪 Inca · Germany
1535
+11
🇨🇱 Burgundians · Chile
1523
+12
🇩🇪 Japanese · Germany
1500
+12
🇺🇸 Chinese · United States
1483
+13
🇩🇪 Bohemians · Germany
1449
-13
🇨🇴 Berbers · Colombia
1430
-12
🇩🇪 Portuguese · Germany
1425
-12
🇫🇷 Maya · France
1406
-11
[MGG] JP
3:14 Double-Bit Axe
4:16 Horse Collar
7:55 Feudal Age
11:52 Castle Age
10:54 Bow Saw
11:27 Heavy Plow
14:19 Wheelbarrow
21:02 Hand Cart
22:01 Loom
22:02 Town Watch
25:40 Imperial Age
24:13 Crop Rotation
24:44 Two-Man Saw
24:13 Scale Barding Armor
25:19 Chain Barding Armor
25:10 Forging
25:32 Husbandry
24:53 Cavalier
26:35 Iron Casting
27:09 Plate Barding Armor
27:58 Paladin
30:40 Blast Furnace
31:54 Chemistry
31:08 Gold Mining
31:08 Stone Mining
31:20 Capped Ram
33:21 Padded Archer Armor
35:31 Light Cavalry
DippityDang
0:35 Loom
7:04 Feudal Age
11:20 Castle Age
9:36 Double-Bit Axe
10:40 Horse Collar
12:18 Bow Saw
17:54 Wheelbarrow
18:12 Gold Mining
19:34 Heavy Plow
20:22 Hand Cart
20:25 Fletching
25:08 Imperial Age
22:37 Bodkin Arrow
23:09 Padded Archer Armor
24:38 Leather Archer Armor
24:51 Ballistics
26:01 Bracer
27:02 Chemistry
27:04 Two-Man Saw
26:32 Conscription
28:02 Gold Shaft Mining
27:49 Masonry
28:11 Ring Archer Armor
27:45 Scale Mail Armor
28:56 Elite Fire Lancer
30:07 Chain Mail Armor
30:03 Forging
29:55 Squires
30:19 Thumb Ring
32:07 Plate Mail Armor
32:25 Elite Chu Ko Nu
32:58 Arson
34:26 Iron Casting
35:47 Stone Mining
Ritter Karin
7:34 Feudal Age
11:38 Castle Age
9:56 Double-Bit Axe
11:07 Horse Collar
12:22 Loom
13:01 Bow Saw
14:05 Heavy Plow
18:21 Loom
20:05 Wheelbarrow
19:21 Town Watch
24:30 Imperial Age
22:13 Murder Holes
22:22 Fletching
23:53 Scale Mail Armor
24:42 Hand Cart
25:12 Chain Mail Armor
26:22 Conscription
27:12 Plate Mail Armor
27:14 Forging
28:18 Hoardings
27:57 Masonry
28:05 Gold Mining
28:07 Stone Mining
28:26 Bodkin Arrow
29:58 Elite Kamayuk
31:18 Fabric Shields
34:23 Iron Casting
36:17 Blast Furnace
Osayi.
8:56 Feudal Age
8:59 Feudal Age
10:40 Double-Bit Axe
10:37 Horse Collar
10:52 Gold Mining
13:21 Castle Age
11:50 Scale Mail Armor
13:42 Forging
14:24 Bow Saw
19:26 Loom
20:35 Squires
22:36 Wheelbarrow
24:29 Chain Mail Armor
24:06 Town Watch
25:55 Arson
29:14 Iron Casting
29:24 Heavy Plow
32:27 Hand Cart
37:37 Imperial Age
Rocgash
7:18 Feudal Age
8:44 Double-Bit Axe
8:45 Horse Collar
11:47 Castle Age
10:32 Fletching
10:56 Padded Archer Armor
12:31 Bodkin Arrow
12:41 Squires
16:59 Town Watch
19:20 Ballistics
19:38 Wheelbarrow
18:52 Loom
25:08 Imperial Age
24:44 Leather Archer Armor
26:05 Masonry
26:07 Fortified Wall
26:59 Bracer
28:54 Chemistry
33:24 Ring Archer Armor
33:05 Thumb Ring
Erg_Raider
7:46 Feudal Age
8:34 Double-Bit Axe
11:30 Castle Age
9:35 Horse Collar
12:24 Heavy Plow
12:40 Bow Saw
14:14 Loom
17:25 Wheelbarrow
17:31 Gold Mining
19:14 Hand Cart
21:22 Padded Archer Armor
21:22 Scale Mail Armor
21:32 Forging
21:15 Pikeman
21:15 Man-at-Arms
25:41 Imperial Age
24:58 Leather Archer Armor
24:58 Chain Mail Armor
25:19 Iron Casting
24:55 Stone Mining
25:23 Circumnavigation
26:15 Fletching
27:28 Chemistry
26:48 Ballistics
27:09 Bodkin Arrow
29:19 Plate Mail Armor
29:18 Halberdier
31:10 Iron Casting
31:06 Ring Archer Armor
34:44 Blast Furnace
33:44 Bracer
34:33 Siege Engineers
35:22 Conscription
34:48 Long Swordsman
35:14 Gambesons
35:14 Arson
35:43 Masonry
Fanume
9:08 Feudal Age
10:12 Double-Bit Axe
10:22 Horse Collar
13:03 Castle Age
12:23 Wheelbarrow
11:38 Town Watch
14:17 Bow Saw
18:25 Wagenburg Tactics
24:09 Hand Cart
23:39 Loom
24:59 Heavy Plow
32:50 Imperial Age
31:10 Pikeman
31:52 Scale Mail Armor
32:03 Forging
32:45 Chain Mail Armor
33:04 Ballistics
34:22 Plate Mail Armor
34:28 Iron Casting
KootH.
6:37 Feudal Age
10:17 Castle Age
8:41 Double-Bit Axe
9:07 Horse Collar
15:25 Bow Saw
17:32 Heavy Plow
21:56 Wheelbarrow
22:04 Loom
24:00 Husbandry
24:10 Bloodlines
24:30 Scale Barding Armor
24:54 Forging
28:27 Imperial Age
26:41 Chain Barding Armor
28:14 Town Watch
28:31 Cavalier
29:48 Iron Casting
29:49 Plate Barding Armor
30:19 Conscription
30:46 Fletching
30:57 Padded Archer Armor
31:12 Elite Genitour
32:14 Bodkin Arrow
32:57 Leather Archer Armor
33:42 Blast Furnace
34:47 Chemistry
34:08 Ballistics
34:03 Bracer
34:33 Ring Archer Armor
Connection lost

Rejoining the realm…

Still unreachable

The connection could not be restored.

Session expired

The server has moved on; the page needs a fresh start.